 Dungeon Crawl Stone Soup version 0.29-a0-676-ga64570c9d2 (webtiles) character file.

Game seed: 8706710733267236654

84243 Sobieck the Cloud Mage (level 15, -13/96 HPs)
             Began as a Tengu Air Elementalist on June 24, 2022.
             Was a High Priest of Vehumet.
             Mangled by a white ugly thing (26 damage)
             ... on level 14 of the Dungeon.
             The game lasted 01:39:51 (37335 turns).

Sobieck the Cloud Mage (Tengu Air Elementalist)    Turns: 37335, Time: 01:39:51

Health: -13/96     AC: 12    Str: 14    XL:     15   Next: 79%
Magic:  39/43      EV: 16    Int: 27    God:    Vehumet [*****.]
Gold:   1621       SH:  5    Dex: 10    Spells: 12/42 levels left

rFire   . . .      SeeInvis .   a - staff of conjuration {!a@e2staff}
rCold   . . .      Faith    .   l - +0 buckler
rNeg    . . .      Spirit   .   q - +3 robe of Ashenzari's Grace {rPois Str+5 Int+4 Dex-4}
rPois   +          Reflect  .   (helmet restricted)
rElec   .          Harm     .   n - +2 cloak
rCorr   .          Rampage  .   h - +2 pair of gloves {Stlth+}
Will    ++...                   (boots unavailable)
Stlth   +++.......              (no amulet)
HPRegen 0.26/turn               M - ring of magical power
MPRegen 0.28/turn               I - ring of willpower

@: flying quickly and evasively, quick
A: beak, talons 3, nimble flight
a: Renounce Religion


You were on level 14 of the Dungeon.
You worshipped Vehumet.
Vehumet was extremely pleased with you.
You visited 3 branches of the dungeon, and saw 22 of its levels.
You also visited: Sewer.

You collected 2095 gold pieces.
You spent 474 gold pieces at shops.


Innate Abilities, Weirdness & Mutations

You have a beak for a mouth.
You have claws for feet.
Your magical nature lets you fly swiftly and evasively.


   Skills:
 + Level 11.8 Fighting
 - Level 7.0 Armour
 - Level 7.0 Dodging
 - Level 2.0 Stealth
 - Level 5.0 Shields
 - Level 14.0 Spellcasting
 - Level 6.0 Conjurations
 - Level 2.0 Hexes
 - Level 2.0 Translocations
 + Level 3.2 Ice Magic
 - Level 21.0 Air Magic


You had 12 spell levels left.
You knew the following spells:

 Your Spells              Type           Power      Damage    Failure   Level
a - Shock                 Conj/Air       100%       1d9       0%          1
b - Static Discharge      Conj/Air       95%        N/A       0%          2
c - Fulminant Prism       Conj/Hex       28%        3d14      1%          4
d - Airstrike             Air            46%        N/A       0%          4
e - Silence               Hex/Air        34%        N/A       1%          5
f - Iskenderun's Mystic   Conj/Tloc      57%        2d12      1%          4
g - Swiftness             Air            93%        N/A       0%          3
h - Ozocubu's Refrigerat  Ice            18%        4d8       87%         7

Your spell library contained the following spells:

 Spells                   Type           Power      Damage    Failure   Level
 Magic Dart               Conj           100%       1d8       1%          1
 Sandblast                Erth           36%        2d10      1%          1
 Searing Ray              Conj           100%       2d8       1%          2
 Dazzling Flash           Conj/Hex       100%       N/A       1%          3
 Mephitic Cloud           Conj/Pois/Air  79%        N/A       1%          3
 Stone Arrow              Conj/Erth      100%       3d13      1%          3
 Blink                    Tloc           58%        N/A       2%          2
 Beastly Appendage        Tmut           36%        N/A       3%          1
 Confusing Touch          Hex            29%        N/A       4%          3
 Passwall                 Tmut/Erth      15%        N/A       5%          2
 Wereblood                Tmut           18%        N/A       5%          2
 Spider Form              Tmut/Pois      18%        N/A       11%         3
 Yara's Violent Unravell  Hex/Tmut       12%        3d7       17%         5
 Starburst                Conj/Fire      25%        6d8       36%         6
 Storm Form               Tmut/Air       33%        N/A       38%         7
 Manifold Assault         Tloc           29%        N/A       41%         5
 Agony                    Necr           18%        N/A       69%         5
 Enfeeble                 Hex            14%        N/A       100%        7
 Malign Gateway           Summ/Tloc      12%        N/A       100%        7
 Summon Horrible Things   Summ           9%         N/A       100%        8

Inventory:

Hand Weapons
 b - the +8 trident of Mana {holy, rPois rC- SInv, polearm}
   (You found it on level 4 of the Lair of Beasts)

   It has been blessed by the Shining One to cause great damage to the undead
   and demons.
   rC:        It makes you vulnerable to cold.
   rPois:     It protects you from poison.
   SInv:      It lets you see invisible.
 w - a +5 scimitar {long}
   (You took it off Urug on level 10 of the Dungeon)
 F - a +1 short sword of flaming {short}
   (You found it on level 3 of the Dungeon)
 H - a +6 vampiric rapier {short}
   (You took it off Duvessa on level 4 of the Dungeon)
 Q - a +1 hunting sling of freezing {sling}
   (You found it on level 2 of the Dungeon)
Missiles
 u - 6 throwing nets {=f!fthrowing}
 v - a curare-tipped dart {=fthrowing}
 C - 7 javelins {throwing}
 E - 2 silver javelins {throwing}
 L - 9 boomerangs {throwing}
Armour
 h - a +2 pair of gloves of stealth (worn)
   (You bought it in a shop on level 7 of the Dungeon)
 l - a +0 buckler (worn)
   (You found it on level 1 of the Dungeon)
 n - a +2 cloak (worn)
   (You found it on level 7 of the Dungeon)
 q - the +3 robe of Ashenzari's Grace (worn) {rPois Str+5 Int+4 Dex-4}
   (You found it on level 14 of the Dungeon)

   Str:       It affects your strength (+5).
   Int:       It affects your intelligence (+4).
   Dex:       It affects your dexterity (-4).
   rPois:     It protects you from poison.
Magical Staves
 a - a staff of conjuration (weapon) {!a@e2staff}
   (You found it on level 4 of the Lair of Beasts)
Jewellery
 I - a ring of willpower (right hand)
   (You found it on level 10 of the Dungeon)
 K - a ring of protection from fire
   (You found it on level 10 of the Dungeon)
 M - a ring of magical power (left hand)
   (You bought it in a shop on level 8 of the Dungeon)
 T - a ring of protection from cold
   (You took it off a wizard on level 12 of the Dungeon)
 V - a ring of poison resistance
   (You found it on level 6 of the Lair of Beasts)
Wands
 e - a wand of charming (8)
   (You found it on level 6 of the Dungeon)
 y - a wand of flame (30)
   (You found it in a sewer)
 G - a wand of mindburst (6)
   (You took it off Amaemon on level 2 of the Lair of Beasts)
 R - a wand of polymorph (11)
   (You took it off Blork the orc on level 5 of the Dungeon)
 W - a wand of quicksilver (2)
   (You found it on level 11 of the Dungeon)
Scrolls
 g - 12 scrolls of teleportation {@r4}
 j - 2 scrolls of magic mapping {!r}
 o - 9 scrolls of fog
 p - 2 scrolls of noise {!r}
 s - 2 scrolls of fear
 D - a scroll of poison {!r}
 J - a scroll of summoning
 O - a scroll of identify {@r1}
 X - a scroll of amnesia
Potions
 c - 4 potions of heal wounds {@q2}
 d - 4 potions of attraction {!q}
 f - a potion of resistance
 i - 14 potions of curing {@q1}
 k - 2 potions of magic
 m - 5 potions of lignification {!q}
 r - 7 potions of mutation {!q}
 t - 4 potions of degeneration {!q@e2}
 x - 3 potions of berserk rage {!q}
 z - 6 potions of flight
 A - 2 potions of ambrosia
 B - 3 potions of invisibility
 N - 3 potions of cancellation
 P - 4 potions of might
 S - 4 potions of haste {@q3}
 U - a potion of brilliance
Miscellaneous
 Y - a phantom mirror
   (You found it on level 6 of the Lair of Beasts)
 Z - a box of beasts
   (You found it on level 12 of the Dungeon)

Dungeon Overview and Level Annotations

Branches:
Dungeon (15/15) Zot: 23254  Temple (1/1) D:7 Zot: 5850    Lair (6/6) D:9 Zot: 23426
  Swamp (0/4) Lair:4        Snake (0/4) Lair:2        Slime (0/5) Lair:5
    Orc (0/2) D:10         Vaults (0/5) D:14         Depths (0/4) D:15
  Sewer (visited)

Altars:
Ashenzari
Cheibriados
Dithmenos
Elyvilon
Fedhas
Gozag
Hepliaklqana
Kikubaaqudgha
Makhleb
Nemelex Xobeh
Okawaru
Qazlal
Ru
Trog
Uskayaw
Vehumet
Wu Jian
Xom
Yredelemnul
Zin
The Shining One
Jiyva

Shops:
D:6 ?   D:7 [   D:8 =   D:10 (*   D:11 !

Portals:
Trove: D:10 (give 13 potions of heal wounds)

Annotations:
D:3 1 runed translucent door, Crazy Yiuf, Sigmund
D:4 Grinder
D:13 2 transporters, Drazool's ghost, journeyman DjCj

###############################
.................>............#
..............................#
..............................#
.................*............#
................u.............#
................@.............#
......................[.......#
#######.......................#
......#....#####..####.########
......#....#......#...........#
......#....#......#...........#
......#....#......#...........#
......#....#......#...........#
......#....#......#...........#


You could see a white ugly thing (ally target) and a friendly fulminant prism.


Message History

You fly upwards.
There is a stone staircase leading down here.
Casting: Airstrike (safe; 0% risk of failure)
Confirm with . or Enter, or press ? or * to list all spells.
You feel a surge of power!
The death knight is struck by an arc of lightning!
You are struck by an arc of lightning.
The lightning grounds out.
The death knight hits you with a +0 morningstar!!
Casting: Static Discharge (safe; 0% risk of failure)
Confirm with . or Enter, or press ? or * to list all spells.
You feel a surge of power!
The death knight is struck by an arc of lightning!
You are struck by an arc of lightning.
The death knight is struck by an arc of lightning!
You are struck by an arc of lightning.
The lightning grounds out.
The death knight completely misses you.
Casting: Static Discharge (safe; 0% risk of failure)
Confirm with . or Enter, or press ? or * to list all spells.
Aiming: Airstrike (safe; 0% risk of failure)
Press: ? - help, Dir - move target, f - death knight
Aim: a death knight, wielding a +0 morningstar and wearing a +0 chain mail (heavily wounded, empty space bonus: 4/8)
The air twists around and strikes the death knight.
The death knight closely misses you.
Casting: Airstrike (safe; 0% risk of failure)
Confirm with . or Enter, or press ? or * to list all spells.
Aiming: Airstrike (safe; 0% risk of failure)
Press: ? - help, Dir - move target, f/p - death knight
Aim: a death knight, wielding a +0 morningstar and wearing a +0 chain mail (heavily wounded, empty space bonus: 4/8)
The air twists around and strikes the death knight.
The death knight mumbles some strange prayers to Yredelemnul against you.
You easily resist.
Casting: Airstrike (safe; 0% risk of failure)
Confirm with . or Enter, or press ? or * to list all spells.
Aiming: Airstrike (safe; 0% risk of failure)
Press: ? - help, Dir - move target, f/p - death knight
Aim: a death knight, wielding a +0 morningstar and wearing a +0 chain mail (heavily wounded, empty space bonus: 4/8)
The air twists around and strikes the death knight!
The death knight hits you with a +0 morningstar.
Casting: Airstrike (safe; 0% risk of failure)
Confirm with . or Enter, or press ? or * to list all spells.
Aiming: Airstrike (safe; 0% risk of failure)
Press: ? - help, Dir - move target, f/p - death knight
Aim: a death knight, wielding a +0 morningstar and wearing a +0 chain mail (severely wounded, empty space bonus: 7/8)
The air twists around and strikes the death knight!
The death knight offers itself to Yredelemnul, and fills with unholy energy.
Casting: Airstrike (safe; 0% risk of failure)
Confirm with . or Enter, or press ? or * to list all spells.
Okay, then.
The death knight calls down the wrath of Yredelemnul upon you.
Your body is wracked with pain!
* * * LOW HITPOINT WARNING * * *
You feel much better.
The death knight's dark mirror aura disappears.
The death knight calls down the wrath of Yredelemnul upon you.
You easily resist.
Casting: Airstrike (safe; 0% risk of failure)
Confirm with . or Enter, or press ? or * to list all spells.
Aiming: Airstrike (safe; 0% risk of failure)
Press: ? - help, Dir - move target, f/p - death knight
Aim: a death knight, wielding a +0 morningstar and wearing a +0 chain mail (almost dead, empty space bonus: 8/8)
The air twists around and strikes the death knight!
You kill the death knight!
Vehumet accepts your kill.
You feel your power returning.
Things that are here:
a +0 morningstar {mace}; a +0 chain mail
There is a stone staircase leading down, spattered with blood here.
You start resting.
You start resting.
You fly downwards.
The white ugly thing closely misses you.
There is a stone staircase leading up here.
Danger!
The white ugly thing stings you but does no damage.
You fly upwards.
There is a stone staircase leading down, spattered with blood here.
Casting: Airstrike (safe; 0% risk of failure)
Confirm with . or Enter, or press ? or * to list all spells.
Okay, then.
Unknown command.
The white ugly thing stings you but does no damage.
Casting: Airstrike (safe; 0% risk of failure)
Confirm with . or Enter, or press ? or * to list all spells.
Aiming: Fulminant Prism (mildly dangerous; 1% risk of failure)
Press: ? - help, Dir - move target You feel a surge of power!
You conjure a prism of explosive energy!
A fulminant prism comes into view.
The white ugly thing stings you. The white ugly thing freezes you!!
The white ugly thing attacks as you move away!
The white ugly thing stings you. The white ugly thing freezes you!!
* * * LOW HITPOINT WARNING * * *
The white ugly thing attacks as you move away!
The white ugly thing misses you.
Your fulminant prism crackles loudly.
The white ugly thing attacks as you move away!
The white ugly thing stings you!
* * * LOW HITPOINT WARNING * * *
The white ugly thing freezes you!!
You die...

Skill      XL: |  1  2  3  4  5  6  7  8  9 10 11 12 13 14 15 |
---------------+----------------------------------------------+-----
Conjurations   | 2 6 |  6.0
Air Magic      | 5 6 7 8 10 12 13 15 17 19 20 21 | 21.0
Spellcasting   | 3 4 6 7 8 10 13 14 | 14.0
Fighting       | 3 5 8 10 11 | 11.8
Armour         | 3 5 6 7 |  7.0
Shields        | 3 5 |  5.0
Dodging        | 4 5 6 7 |  7.0
Hexes          | 2 |  2.0
Translocations | 2 |  2.0
Ice Magic      | 3 |  3.2
Stealth        | |  2.0

Action                   |  1- 3 |  4- 6 |  7- 9 | 10-12 | 13-15 || total
-------------------------+-------+-------+-------+-------+-------++-------
Melee: Dagger            |     1 |       |       |       |       ||     1
 Fire: Hunting sling     |    13 |    68 |   104 |    87 |    91 ||   363
 Cast: Shock             |    62 |    30 |    10 |    19 |     9 ||   130
       Static Discharge  |       |     7 |    25 |    95 |   115 ||   242
       Airstrike         |       |       |    65 |   239 |   538 ||   842
       Swiftness         |       |       |       |     1 |     4 ||     5
       Fulminant Prism   |       |       |       |       |    38 ||    38
       Iskenderun's Myst |       |       |       |       |    10 ||    10
  Use: Scroll            |       |       |    17 |     7 |    10 ||    34
       Potion            |       |       |       |     1 |     2 ||     3
Armor: Robe              |     4 |       |       |       |     4 ||     8
       Leather armour    |       |    10 |    13 |    40 |    57 ||   120
Dodge: Dodged            |     9 |    42 |    50 |   109 |   148 ||   358
Block: Buckler           |       |       |       |    22 |    53 ||    75

Levels and vault maps discovered:
D:1:      minmay_arrival_four_houses, layout_loops_ring,
          shapermc_ecumenical_altar_mp_highgroup
D:2:      layout_loops_ring, minmay_quantized
D:3:      layout_basic, gup_sewer_entry_glass, uniq_sigmund,
          uniq_crazy_yiuf_cottage, uniq_ijyb
D:4:      layout_loops_ring, kennysheep_little_box, grunt_decor_cap,
          uniq_duvessa, uniq_grinder
D:5:      layout_gridville, nicolae_tso_besieged_by_evil, uniq_blork_the_orc,
          uniq_pikel
D:6:      layout_rooms, nicolae_qazlal_style_of_elements, serial_shops,
          nicolae_diamond_shop, uniq_eustachio
D:7:      layout_basic, minmay_temple_entry_wispy, serial_shops,
          nicolae_diamond_shop
D:8:      layout_basic, grunt_gozag_breadcrumbs, serial_shops, shop,
          roderic_serpentine_path, dk_noncrumbling_2, minmay_hedge_maze
D:9:      layout_long_grid, due_lair_maze_entry_diamond, nzn_sisyphean_effort,
          uniq_joseph
D:10:     layout_roguey, grunt_temple_overflow_diamond, orc_0_dummy,
          serial_shops, nicolae_shop_bloodbath_and_beyond,
          trove_entry_hex_spiral, guppyfry_shop_venom, uniq_lodul, uniq_urug
D:11:     layout_basic, serial_shops, nicolae_shop_statue_plus, serial_bayou,
          serial_bayou_pond_d, serial_bayou_lake_a, serial_bayou_pond_b,
          serial_bayou_crossing, serial_bayou_shore_b, serial_bayou_shore_b,
          lemuel_nasty_fountain, uniq_psyche, uniq_josephine
D:12:     layout_loops_ring, minmay_misc_feat_four_crosses,
          hangedman_glass_teeth, uniq_sonja
D:13:     layout_cave_pods, gammafunk_ghost_arena
D:14:     layout_grid_maze, david_vaults_5, serial_park_gazebo
          [serial_park_minivault_5x5_1], grunt_decor_clamped,
          minmay_diced_spiral
D:15:     hangedman_depths_entry_try_elsewhere_first, layout_loops_cross,
          serial_shops, nicolae_lakefront_shop
Temple:   eino_wide_crystal_templ
Lair:1:   layout_regular_city, hibernation_bobbens, grunt_megastairs_4
Lair:2:   layout_roguey, dummy_snake_entry, small_statue_intersection,
          cheibrodos_lair_caveside_slide, infiniplex_staircase_pool,
          serial_bayou_shore_b, uniq_amaemon
Lair:3:   layout_roguey
Lair:4:   layout_hall_layers, minmay_swamp_entry_worms, nicolae_lair_yak_garden,
          lemuel_fruit_fields, uniq_rupert
Lair:5:   layout_misc_corridors, slime_entry_1, bobbens_dragon_lair_wall
Lair:6:   grunt_lair_end_beastmaster, layout_gridlike,
          infiniplex_staircase_pool_2, lemuel_fruit_fields, grunt_megastairs_2

Notes
Turn   | Place    | Note
-------+----------+-------------------------------------------
     0 | D:1      | Sobieck the Tengu Air Elementalist began the quest for the
                  | Orb.
     0 | D:1      | Reached XP level 1. HP: 10/10 MP: 4/4
   146 | D:1      | You pick up a book of Geomancy and begin reading...
   146 | D:1      | You add the spells Sandblast, Passwall and Stone Arrow to
                  | your library.
   218 | D:1      | Reached XP level 2. HP: 16/16 MP: 3/6
   290 | D:1      | Learned a level 2 spell: Static Discharge
   510 | D:1      | Found a faded altar of an unknown god.
   809 | D:1      | Reached XP level 3. HP: 16/20 MP: 0/7
   890 | D:1      | Learned a level 3 spell: Swiftness
  1279 | D:2      | Reached skill level 2 in Conjurations
  1432 | D:2      | Identified the +2 leather armour "Semei" {*Corrode Str+4
                  | Int+5 Slay+4}
  1641 | D:2      | Reached skill level 5 in Air Magic
  1641 | D:2      | Reached XP level 4. HP: 24/24 MP: 5/8
  1879 | D:2      | Noticed a scorpion
  1885 | D:2      | Killed a scorpion
  1886 | D:2      | Reached skill level 6 in Air Magic
  1886 | D:2      | Gained mutation: Your magical nature lets you fly swiftly
                  | and evasively. [Tengu growth]
  1886 | D:2      | Reached XP level 5. HP: 24/28 MP: 3/10
  2252 | D:3      | Reached skill level 3 in Spellcasting
  2273 | D:3      | Learned a level 4 spell: Airstrike
  2325 | D:3      | Found a glowing drain.
  2342 | Sewer    | Entered a sewer
  2383 | Sewer    | Noticed Pargi
  2396 | Sewer    | Killed Pargi
  2397 | Sewer    | Reached skill level 7 in Air Magic
  2397 | Sewer    | Reached XP level 6. HP: 19/33 MP: 1/12
  2619 | D:3      | Found a runed translucent door.
  2620 | D:3      | Noticed Crazy Yiuf
  2816 | D:3      | You pick up a book of Misfortune and begin reading...
  2816 | D:3      | You add the spells Confusing Touch, Yara's Violent
                  | Unravelling and Enfeeble to your library.
  2910 | D:3      | Noticed Ijyb
  2919 | D:3      | Killed Ijyb
  3205 | D:3      | You pick up a book of Changes and begin reading...
  3205 | D:3      | You add the spells Beastly Appendage, Wereblood and Spider
                  | Form to your library.
  3437 | D:3      | Noticed Sigmund
  3674 | D:4      | Noticed Grinder
  3701 | D:4      | Noticed Duvessa
  3725 | D:4      | Noticed Dowan
  3729 | D:4      | Killed Duvessa
  3730 | D:4      | Reached skill level 8 in Air Magic
  3787 | D:4      | Killed Dowan
  3788 | D:4      | Reached skill level 4 in Spellcasting
  3788 | D:4      | Reached XP level 7. HP: 36/37 MP: 10/14
  4548 | D:4      | Found a sacrificial altar of Ru.
  4633 | D:5      | Entered Level 5 of the Dungeon
  4663 | D:5      | Found a glowing golden altar of the Shining One.
  4684 | D:5      | Reached skill level 9 in Air Magic
  4791 | D:5      | Noticed Blork the orc
  4797 | D:5      | Killed Blork the orc
  5129 | D:5      | Reached skill level 10 in Air Magic
  5129 | D:5      | Reached XP level 8. HP: 42/42 MP: 7/16
  5295 | D:5      | Reached skill level 5 in Spellcasting
  5470 | D:5      | Noticed Pikel
  5619 | D:5      | Killed Pikel
  5620 | D:5      | Reached skill level 11 in Air Magic
  6110 | D:6      | Reached skill level 12 in Air Magic
  6199 | D:6      | Reached skill level 6 in Spellcasting
  6199 | D:6      | Reached XP level 9. HP: 46/46 MP: 5/19
  6355 | D:6      | Noticed Eustachio
  6360 | D:6      | Killed Eustachio
  6857 | D:6      | Reached skill level 13 in Air Magic
  7200 | D:6      | Reached skill level 7 in Spellcasting
  7200 | D:6      | Reached skill level 1 in Fighting
  7423 | D:6      | Found a stormy altar of Qazlal.
  7569 | D:6      | Found Inteosmo's Magic Scroll Shoppe.
  7604 | D:7      | Found Punwi's Armour Shop.
  7612 | D:7      | Reached skill level 1 in Armour
  7664 | D:7      | Bought a +1 pair of gloves of stealth for 214 gold pieces
  7740 | D:7      | Reached skill level 1 in Shields
  8032 | D:7      | Found a staircase to the Ecumenical Temple.
  8038 | D:7      | Reached skill level 3 in Dodging
  8041 | D:7      | Reached skill level 2 in Fighting
  8041 | D:7      | Reached skill level 2 in Armour
  8044 | Temple   | Entered the Ecumenical Temple
  8173 | Temple   | Became a worshipper of Vehumet
  8283 | D:7      | Reached skill level 2 in Shields
  8860 | D:7      | Reached skill level 3 in Armour
  9066 | D:7      | HP: 11/49 [yak (12)]
  9068 | D:7      | HP: 5/49 [/static electricity (2)]
  9069 | D:7      | Reached skill level 3 in Fighting
  9069 | D:7      | Reached skill level 4 in Dodging
  9069 | D:7      | Reached skill level 3 in Shields
  9069 | D:7      | Reached XP level 10. HP: 6/56 MP: 12/21
  9442 | D:8      | Reached * piety under Vehumet
  9442 | D:8      | Offered knowledge of Magic Dart by Vehumet.
  9736 | D:8      | Found Poutuxko's Jewellery Emporium.
  9826 | D:8      | Found an opulent altar of Gozag.
 10091 | D:8      | Reached skill level 4 in Armour
 10406 | D:8      | Reached skill level 4 in Fighting
 10406 | D:8      | Reached skill level 5 in Dodging
 10779 | D:9      | Reached skill level 4 in Shields
 10971 | D:9      | Noticed a two-headed ogre
 10975 | D:9      | HP: 13/56 [two-headed ogre/+0 giant club (26)]
 10978 | D:8      | Killed a two-headed ogre
 10979 | D:8      | Reached skill level 5 in Armour
 11340 | D:9      | Noticed a boulder beetle
 11351 | D:9      | Killed a boulder beetle
 11352 | D:9      | Reached skill level 5 in Fighting
 11352 | D:9      | Reached skill level 5 in Shields
 11867 | D:9      | Reached XP level 11. HP: 64/64 MP: 9/23
 11876 | D:8      | HP: 12/64 [slime creature (17)]
 12012 | D:8      | HP: 13/64 [slime creature (6)]
 12014 | D:8      | HP: 5/64 [slime creature (4)]
 12130 | D:8      | Reached skill level 6 in Fighting
 12865 | D:9      | Reached skill level 8 in Spellcasting
 13023 | D:9      | Reached skill level 14 in Air Magic
 13196 | D:9      | Identified the +0 ring mail of the Lair of Beasts {rElec
                  | Str+3}
 13368 | D:8      | Offered knowledge of Searing Ray by Vehumet.
 13560 | D:9      | Reached ** piety under Vehumet
 13659 | D:9      | Reached skill level 7 in Fighting
 13904 | D:9      | Found a staircase to the Lair.
 14023 | D:9      | Noticed Joseph
 14036 | D:9      | Killed Joseph
 14475 | D:10     | Entered Level 10 of the Dungeon
 14689 | D:10     | Found Rapux's Weapon Shoppe.
 14794 | D:10     | Reached skill level 15 in Air Magic
 14913 | D:10     | Reached skill level 8 in Fighting
 15128 | D:10     | HP: 17/68 [/static electricity (4)]
 15515 | D:10     | Found an ornate altar of the Wu Jian Council.
 15522 | D:10     | Found a sparkling altar of Nemelex Xobeh.
 15525 | D:10     | Found a glowing silver altar of Zin.
 15559 | D:10     | Noticed Urug
 15574 | D:10     | Killed Urug
 15735 | D:10     | Found Tyujam's Serpentskin Sales.
 15736 | D:10     | Offered knowledge of Mephitic Cloud by Vehumet.
 15757 | D:10     | Noticed Lodul
 16026 | D:10     | You add the spells Malign Gateway and Summon Horrible
                  | Things to your library.
 16051 | D:10     | Found a staircase to the Orcish Mines.
 16128 | D:10     | Killed Lodul
 16128 | D:10     | Reached *** piety under Vehumet
 16129 | D:10     | Reached XP level 12. HP: 75/75 MP: 9/25
 16447 | D:10     | Found a portal to a secret trove of treasure.
 16450 | D:10     | This trove needs 13 potions of heal wounds to function.
                  | Give it the items?
 16528 | D:11     | Noticed Psyche
 16575 | D:11     | Found Rusch's Distillery.
 16672 | D:11     | Noticed Josephine
 16699 | D:10     | Killed Josephine
 16700 | D:10     | Reached skill level 9 in Fighting
 16700 | D:10     | Reached skill level 16 in Air Magic
 16771 | Lair:1   | Entered Level 1 of the Lair of Beasts
 17086 | D:9      | Reached skill level 10 in Fighting
 17472 | Lair:1   | You are sucked into a shaft and drop 1 floor!
 18497 | Lair:1   | Reached skill level 6 in Armour
 18611 | Lair:1   | Reached skill level 6 in Dodging
 19157 | Lair:2   | Found a staircase to the Snake Pit.
 19197 | Lair:2   | Offered knowledge of Sticky Flame by Vehumet.
 19336 | Lair:2   | Noticed Amaemon
 19346 | Lair:2   | Killed Amaemon
 19752 | D:8      | Bought a ring of magical power for 260 gold pieces
 19909 | Lair:1   | Reached skill level 17 in Air Magic
 20264 | Lair:2   | You add the spells Blink, Manifold Assault and Storm Form
                  | to your library.
 20306 | Lair:2   | Reached XP level 13. HP: 79/82 MP: 26/26
 20568 | Lair:3   | Reached skill level 7 in Armour
 20568 | Lair:3   | Reached skill level 7 in Dodging
 20568 | Lair:3   | Reached skill level 9 in Spellcasting
 21999 | Lair:4   | Identified the +8 trident of Mana {holy, rPois rC- SInv}
 22061 | Lair:4   | Reached skill level 18 in Air Magic
 22183 | Lair:4   | Reached **** piety under Vehumet
 22445 | Lair:4   | Noticed Rupert
 22501 | Lair:4   | Offered knowledge of Dazzling Flash by Vehumet.
 23120 | Lair:4   | Killed Rupert
 23343 | Lair:4   | Found a staircase to the Swamp.
 23791 | Lair:4   | Reached skill level 10 in Spellcasting
 23872 | Lair:5   | Reached skill level 19 in Air Magic
 24120 | Lair:5   | You pick up a book of the Senses and begin reading...
 24120 | Lair:5   | You add the spells Dazzling Flash, Agony and Silence to
                  | your library.
 24699 | Lair:4   | Learned a level 5 spell: Silence
 25174 | Lair:5   | Reached XP level 14. HP: 68/88 MP: 29/29
 25241 | Lair:5   | Reached skill level 20 in Air Magic
 25286 | Lair:5   | Found a viscous altar of Jiyva.
 25286 | Lair:5   | Found a staircase to the Slime Pits.
 25888 | Lair:4   | Reached skill level 11 in Spellcasting
 26585 | Lair:6   | Entered Level 6 of the Lair of Beasts
 27063 | Lair:6   | Reached ***** piety under Vehumet
 27174 | Lair:6   | Offered knowledge of Starburst by Vehumet.
 27175 | Lair:6   | Reached skill level 12 in Spellcasting
 27756 | Lair:6   | You pick up a book of Conjurations {@e2} and begin
                  | reading...
 27756 | Lair:6   | You add the spells Magic Dart, Searing Ray and Fulminant
                  | Prism to your library.
 27919 | Lair:6   | Reached skill level 13 in Spellcasting
 29835 | Lair:6   | Reached XP level 15. HP: 93/93 MP: 17/33
 29990 | Lair:6   | You add the spells Mephitic Cloud and Iskenderun's Mystic
                  | Blast to your library.
 29990 | Lair:6   | Got the Guide on Orientation and the Birds
 29996 | Lair:6   | Learned a level 4 spell: Iskenderun's Mystic Blast
 30001 | Lair:6   | Learned a level 4 spell: Fulminant Prism
 30666 | D:11     | Killed Psyche
 30824 | D:11     | Reached skill level 11 in Fighting
 30824 | D:11     | Reached skill level 3 in Conjurations
 31303 | D:11     | Reached skill level 1 in Hexes
 31890 | D:12     | Reached skill level 4 in Conjurations
 31953 | D:12     | Noticed Sonja
 31960 | D:12     | Killed Sonja
 32454 | D:12     | Reached skill level 1 in Translocations
 32774 | D:12     | Offered knowledge of Ozocubu's Refrigeration by Vehumet.
 32787 | D:12     | Learned a level 7 spell: Ozocubu's Refrigeration
 33161 | D:13     | Found a transporter.
 33161 | D:13     | Noticed Drazool's ghost (journeyman DjCj)
 33162 | D:13     | Found a transporter.
 33165 | D:13     | Noticed a frost giant
 33245 | D:13     | You are sucked into a shaft and drop 2 floors!
 33245 | D:15     | Entered Level 15 of the Dungeon
 33423 | D:14     | Found a gate to the Vaults.
 33489 | D:13     | Reached skill level 5 in Conjurations
 33714 | D:13     | Identified the +2 scale mail of Moly {Harm Rampage rF+
                  | Will+}
 34188 | D:13     | Reached skill level 1 in Ice Magic
 34652 | D:13     | You pick up a book of Spectacle and begin reading...
 35171 | D:14     | Reached skill level 2 in Hexes
 35667 | D:14     | Reached skill level 6 in Conjurations
 35667 | D:14     | Reached skill level 2 in Translocations
 35929 | D:14     | Reached skill level 21 in Air Magic
 35980 | D:14     | Reached skill level 2 in Ice Magic
 36139 | D:14     | Identified the +3 robe of Ashenzari's Grace {rPois Str+5
                  | Int+4 Dex-4}
 36250 | D:14     | You pick up a book of Conjurations {@e2} and begin
                  | reading...
 36490 | D:15     | Reached skill level 14 in Spellcasting
 37009 | D:15     | Reached skill level 3 in Ice Magic
 37333 | D:14     | HP: 23/96 [white ugly thing (29)]
 37335 | D:14     | Mangled by a white ugly thing

Vanquished Creatures
  Rupert (Lair:4)
  Josephine (D:10)
  A fire dragon (Lair:5)
  A vault guard (D:14)
  4 boulder beetles
  5 hydras
  2 two-headed ogres
  A centaur warrior (D:14)
  3 catoblepae
  A death knight (D:14)
  10 death yaks
  A deep troll shaman (Lair:6)
  A tengu warrior (D:14)
  Urug (D:10)
  Sonja (D:12)
  A skeletal warrior (D:15)
  Amaemon (Lair:2)
  Lodul (D:10)
  A deep elf pyromancer (D:13)
  Pikel (D:5)
  A wizard (D:12)
  2 lindwurms
  5 cyclopes
  3 manticores
  9 ugly things
  14 elephants
  Joseph (D:9)
  19 cane toads
  4 black mambas
  Psyche (D:11)
  12 rime drakes
  An orange demon (Lair:2)
  A torpor snail (Lair:6)
  5 kobold demonologists
  7 komodo dragons
  2 unseen horrors (D:11)
  4 freezing wraiths
  4 tengu conjurers (D:14)
  3 meliai (D:14)
  3 trolls
  A polar bear (Lair:6)
  21 blink frogs
  2 dream sheep (Lair:6)
  A centaur simulacrum (D:14)
  14 slime creatures
  A culicivora (shapeshifter) (D:13)
  A shadow (D:10)
  3 wraiths
  4 wyverns
  A water elemental (D:11)
  9 steam dragons
  72 yaks
  5 basilisks
  Eustachio (D:6)
  3 swamp worms (Lair:4)
  22 water moccasins
  Duvessa (D:4)
  2 ice beasts
  2 sky beasts
  6 black bears
  Pargi (Sewer)
  8 ogres
  23 wolves
  2 centaurs
  A phantom (D:5)
  3 kobold brigands
  Blork the orc (D:5)
  11 bullfrogs
  A gnoll sergeant (D:10)
  3 scorpions
  4 wights (D:7)
  Dowan (D:4)
  4 howler monkeys
  7 electric eels
  A crimson imp (D:5)
  5 hounds
  5 jellies
  8 orc priests
  2 gnoll shamans (D:6)
  Ijyb (D:3)
  An iguana (D:6)
  12 orc wizards
  12 gnolls
  10 adders
  A shadow imp (D:7)
  An ufetubus (D:4)
  2 worms
  3 dart slugs
  36 orcs
  7 ball pythons
  17 bats
  6 endoplasms
  7 giant cockroaches
  7 goblins
  5 hobgoblins
  7 jackals
  4 quokkas
  3 frilled lizards
  2 goblin skeletons (D:5)
  2 goblin zombies (D:5)
  3 hobgoblin zombies (D:5)
  32 kobolds
  2 kobold zombies (D:5)
  8 rats
594 creatures vanquished.

Vanquished Creatures (others)
  A yak (Lair:5)
  37 fulminant prisms
  99 fungi
  163 plants
300 creatures vanquished.

Grand Total: 894 creatures vanquished

Table legend:
 A = Non-vault XP
 B = Vault XP
 C = Vault XP percentage of total XP
 D = Non-vault monster count
 E = Vault monster count
 F = Vault count percentage of total count
                 A         B        C        D         E       F
            +---------+---------+-------+---------+---------+-------
      Total |   86563 |   33785 |  28.1 |     473 |     122 |  20.5
            +---------+---------+-------+---------+---------+-------
        D:1 |      41 |       0 |   0.0 |      24 |       0 |   0.0
        D:2 |     148 |      19 |  11.4 |      25 |       5 |  16.7
        D:3 |      39 |      46 |  54.1 |      14 |       6 |  30.0
        D:4 |     183 |     216 |  54.1 |      19 |       2 |   9.5
        D:5 |     609 |     796 |  56.7 |      14 |      12 |  46.2
        D:6 |     899 |     185 |  17.1 |      24 |       1 |   4.0
        D:7 |    1504 |       0 |   0.0 |      24 |       0 |   0.0
        D:8 |    3961 |     128 |   3.1 |      31 |       1 |   3.1
        D:9 |    4266 |    2733 |  39.0 |      35 |      12 |  25.5
       D:10 |    2251 |    3195 |  58.7 |      23 |      12 |  34.3
       D:11 |    4840 |    1737 |  26.4 |      20 |       6 |  23.1
       D:12 |    4146 |     776 |  15.8 |      19 |       1 |   5.0
       D:13 |    7237 |       0 |   0.0 |      22 |       0 |   0.0
       D:14 |    7791 |    1990 |  20.3 |      15 |       3 |  16.7
       D:15 |    3946 |       0 |   0.0 |       8 |       0 |   0.0
     Lair:1 |    5391 |     397 |   6.9 |      18 |       1 |   5.3
     Lair:2 |    3927 |    1150 |  22.7 |      20 |       2 |   9.1
     Lair:3 |    4945 |       0 |   0.0 |      14 |       0 |   0.0
     Lair:4 |    5359 |    5340 |  49.9 |      21 |      12 |  36.4
     Lair:5 |    5890 |    5394 |  47.8 |      26 |      16 |  38.1
     Lair:6 |   19190 |    9546 |  33.2 |      57 |      20 |  26.0
      Sewer |       0 |     137 | 100.0 |       0 |      10 | 100.0
            +---------+---------+-------+---------+---------+-------

Illustrated notes

Table legend:
 A = Kills in this place as a percentage of kills in entire the game.
 B = Kills by you in this place as a percentage of kills by you in the entire game.
 C = Kills by friends in this place as a percentage of kills by friends in the entire game.
 D = Other kills in this place as a percentage of other kills in the entire game.
 E = Experience gained in this place as a percentage of experience gained in the entire game.
 F = Experience gained in this place divided by the number of levels of this place that you have seen.
                   A       B       C       D       E      F
               +-------+-------+-------+-------+-------+----------------------
         Total | 100.0 | 100.0 |   N/A | 100.0 | 100.0 | 5232.5
       Dungeon |  63.5 |  63.6 |   N/A |   0.0 |  44.6 | 3578.8
          Lair |  34.8 |  34.7 |   N/A | 100.0 |  55.3 | 11088.2
         Sewer |   1.7 |   1.7 |   N/A |   0.0 |   0.1 | 137.0
               +-------+-------+-------+-------+-------+----------------------

Table legend: (Time is in decaauts)
 A = Elapsed time spent in this place.
 B = Non-inter-level travel time spent in this place.
 C = Inter-level travel time spent in this place.
 D = Time resting spent in this place.
 E = Time spent auto-exploring this place.
 F = Levels seen in this place.
 G = Mean time per level.
                   A        B        C        D        E       F      G
               +--------+--------+--------+--------+--------+-----+--------+
         Total |  35996 |  34550 |   1446 |  10979 |  17952 |  23 | 1565.0 |
       Dungeon |  23210 |  22075 |   1135 |   6771 |  11707 |  15 | 1547.3 |
        Temple |    149 |    126 |     23 |      0 |    112 |   1 |  149.0 |
          Lair |  12396 |  12109 |    287 |   4091 |   6102 |   6 | 2066.0 |
         Sewer |    238 |    238 |      0 |    116 |     29 |   1 |  238.0 |
               +--------+--------+--------+--------+--------+-----+--------+

Top non-repeatable levels by time:
     D:8: 3293 daAuts
  Lair:4: 3128 daAuts
  Lair:6: 3071 daAuts
     D:9: 2886 daAuts
    D:14: 2327 daAuts
     D:5: 1977 daAuts
  Lair:1: 1825 daAuts
  Lair:5: 1627 daAuts
    D:11: 1624 daAuts
  Lair:3: 1570 daAuts
     D:7: 1567 daAuts
    D:10: 1446 daAuts
    D:13: 1283 daAuts
     D:1: 1225 daAuts
    D:12: 1223 daAuts
